 Dungeon Crawl Stone Soup version 0.22-a0-282-gdd34a7d (webtiles) character file.

261 b5mith the Conjurer (level 6, -4/41 HPs)
             Began as a Human Conjurer on Mar 17, 2018.
             Was an Initiate of Sif Muna.
             Slain by an ogre
             ... wielding a +0 giant club
              (14 damage)
             ... on level 5 of the Dungeon.
             The game lasted 00:21:52 (5901 turns).

b5mith the Conjurer (Human Conjurer)                Turns: 5901, Time: 00:21:53

Health: -4/41      AC:  4    Str:  8    XL:     6   Next: 41%
Magic:  6/11       EV: 13    Int: 18    God:    Sif Muna [......]
Gold:   182        SH:  0    Dex: 13    Spells: 10/11 levels left

rFire    . . .     SeeInvis .   e - +1 mace (crush)
rCold    . . .     Gourm    .   (no shield)
rNeg     . . .     Faith    .   a - +0 robe
rPois    .         Spirit   .   s - +0 helmet
rElec    .         Reflect  .   (no cloak)
rCorr    .         Harm     .   o - +0 pair of gloves
MR       .....                  (no boots)
Stlth    ++........             (no amulet)
HPRegen  0.13/turn              (no ring)
MPRegen  0.12/turn              (no ring)

@: no status effects
A: no striking features
a: Renounce Religion


You were on level 5 of the Dungeon.
You worshipped Sif Muna.
Sif Muna was noncommittal.
You were very hungry.

You visited 2 branches of the dungeon, and saw 7 of its levels.
You also visited: Sewer.

You collected 182 gold pieces.

Inventory:

Hand Weapons
 e - a +1 mace of crushing (weapon)
Armour
 a - a +0 robe (worn)
 o - a +0 pair of gloves (worn)
 s - a +0 helmet (worn)
Wands
 p - a wand of acid (8)
Scrolls
 b - a scroll of teleportation
 g - 2 scrolls of amnesia
 i - 2 scrolls of identify {@r1}
 k - a scroll of blinking {unknown}
 n - 2 scrolls of immolation
 q - a scroll of magic mapping {unknown}
 r - 2 scrolls of random uselessness
 u - a scroll of fog {unknown}
Potions
 d - a potion of curing {unknown}
 f - a potion of might {unknown}
 j - a potion of ambrosia {unknown}
 l - a potion of haste {unknown}
 m - 2 potions of berserk rage
Comestibles
 c - 7 rations


   Skills:
 + Level 3.5 Dodging
 + Level 3.7 Stealth
 + Level 3.3 Spellcasting
 + Level 4.9 Conjurations


You had 10 spell levels left.
You knew the following spells:

 Your Spells              Type           Power        Failure   Level  Hunger
a - Magic Dart            Conj           ###.         1%          1    None


Dungeon Overview and Level Annotations

Branches:
Dungeon (6/15)             Temple (1/1) D:4

Altars:
Elyvilon
Hepliaklqana
Nemelex Xobeh
Sif Muna
Yredelemnul

Annotations:
D:3 b5mith's ghost, amateur HuCj
D:4 Purgy


Message History

There is a stone staircase leading down here.
You climb downwards.
A bullfrog and a skeleton come into view.
There is a stone staircase leading up here.
The ogre hits you but does no damage.
You climb upwards.
You feel sick.
There is a stone staircase leading down here.
That item cannot be evoked!
Aiming: Corrosive Bolt
Press: ? - help, Shift-Dir - straight line, f - ogre
Aim: an ogre, wielding a giant club The bolt of acid hits the ogre.
The ogre is splashed with acid.
The acid corrodes the ogre!
The ogre is heavily wounded.
The ogre hits you with a giant club!
* * * LOW HITPOINT WARNING * * *
You feel sick.
You are no longer poisoned.
The ogre hits you with a giant club!
You die...

#.#### ##....# ......
#.....#
.......##.....
..............
.............#### .
........##.#..>.#....
...........#.O.....#
>.........##@##.....#
..........†..# ######
#.......####.....#
#...###.####.###..#
#..........#.# #
#..........#.#
#..........#.#
.......O...#.#
..........<#.#


You could see an ogre.

Vanquished Creatures
  A bullfrog zombie (D:3)
  Jessica (D:2)
  A worker ant (D:5)
  A hound skeleton (D:4)
  Robin (D:3)
  3 adders
  2 dart slugs
  A worm (D:2)
  6 leopard geckos
  9 orcs
  A ball python (D:4)
  11 bats
  12 giant cockroaches
  25 goblins
  7 hobgoblins
  4 jackals
  3 quokkas
  6 frilled lizards
  6 kobolds
  4 rats
105 creatures vanquished.

Notes
Turn   | Place    | Note
-------+----------+-------------------------------------------
     0 | D:1      | b5mith the Human Conjurer began the quest for the Orb.
     0 | D:1      | Reached XP level 1. HP: 13/13 MP: 3/3
   257 | D:1      | Reached XP level 2. HP: 19/19 MP: 3/5
   834 | D:1      | Reached XP level 3. HP: 17/24 MP: 2/6
  1501 | D:2      | Reached XP level 4. HP: 21/30 MP: 2/7
  2255 | D:3      | Noticed Jessica
  2461 | D:3      | Noticed b5mith's ghost (amateur HuCj)
  2539 | D:3      | Noticed Robin
  2677 | D:3      | Reached XP level 5. HP: 25/35 MP: 2/9
  2748 | D:3      | Found a hazy altar of Hepliaklqana.
  3780 | D:2      | Killed Jessica
  4132 | D:3      | Killed Robin
  4442 | D:4      | Reached XP level 6. HP: 41/41 MP: 2/10
  4596 | D:4      | Found a staircase to the Ecumenical Temple.
  4638 | Temple   | Entered the Ecumenical Temple
  4657 | Temple   | Became a worshipper of Sif Muna the Loreminder
  4731 | D:4      | Found a glowing drain.
  4830 | Sewer    | Entered a sewer
  4893 | Sewer    | Noticed Purgy
  5866 | D:5      | Entered Level 5 of the Dungeon
  5866 | D:5      | Noticed an ogre
  5901 | D:5      | Slain by an ogre

Vault maps used:
D:1:      dpeg_arrival_shelter, minmay_surrounded
D:3:      lemuel_coloured_pillars_altar, first_ration, uniq_jessica, uniq_robin
D:4:      minmay_temple_entry_grid, portal_sewer_entry_f
D:5:      uniq_grinder
Temple:   roderic_octagonal_lattice_temple
Sewer:    kennysheep_door_sewer

Skill      XL: |  1  2  3  4  5 |
---------------+----------------+-----
Stealth        | 3 |  3.7
Dodging        | 3 |  3.5
Spellcasting   | 3 |  3.3
Conjurations   | |  4.9

Action                   |  1- 3 |  4- 6 || total
-------------------------+-------+-------++-------
Melee: Mace              |    38 |    52 ||    90
 Cast: Magic Dart        |    51 |   174 ||   225
Evoke: Wand              |       |     1 ||     1
  Use: Scroll            |       |     8 ||     8
 Stab: Sleeping          |     1 |       ||     1
  Eat: Chunk             |     2 |    13 ||    15
Armor: Robe              |    15 |    38 ||    53
Dodge: Dodged            |    41 |   119 ||   160

Table legend:
 A = Spawn XP
 B = Non-spawn XP
 C = Spawn XP percentage of total XP
 D = Spawn monster count
 E = Non-spawn monster count
 F = Spawn count percentage of total count
 G = Total turns spent on level
                    A         B        C        D         E        F      G
               +---------+---------+-------+---------+---------+-------+---------
         Total |       0 |     373 |   0.0 |       0 |     105 |   0.0 |  5901
               +---------+---------+-------+---------+---------+-------+---------
           D:1 |       0 |      44 |   0.0 |       0 |      25 |   0.0 |  1144
           D:2 |       0 |     116 |   0.0 |       0 |      37 |   0.0 |  2438
           D:3 |       0 |      98 |   0.0 |       0 |      23 |   0.0 |   823
           D:4 |       0 |      66 |   0.0 |       0 |      15 |   0.0 |  1329
           D:5 |       0 |      45 |   0.0 |       0 |       2 |   0.0 |    33
         Sewer |       0 |       4 |   0.0 |       0 |       3 |   0.0 |    84
               +---------+---------+-------+---------+---------+-------+---------
